 Dungeon Crawl Stone Soup version 0.31-a0-977-gc230f8ef24 (webtiles) character file.

Game seed: 10006252225832090608

149 Getoffmy the Ruffian (level 5, -2/45 HPs)
             Began as a Naga Shapeshifter on Oct 29, 2023.
             Slain by a gnoll
             ... wielding a +0 flail
              (8 damage)
             ... on level 3 of the Dungeon.
             The game lasted 00:09:56 (2204 turns).

Getoffmy the Ruffian (Naga Shapeshifter)            Turns: 2204, Time: 00:09:56

Health: -2/45      AC:  2    Str: 19    XL:     5   Next: 31%
Magic:  5/5        EV: 10    Int: 10    God:
Gold:   72         SH:  0    Dex: 10    Spells: 4/4 levels left

rFire   . .          .
                       - Unarmed
rCold   . . .        (no shield)
rNeg    . . .        a - +0 animal skin
rPois   +            (helmet currently unavailable)
rElec   .            (cloak currently unavailable)
rCorr   .            (gloves currently unavailable)
SInv    +            (no barding)
Will    .....        (no amulet)
Stlth   +            (no ring)
HPRegen 0.27/turn    (no ring)
MPRegen 0.09/turn

%: no passive effects
@: brilliant, beast-form, hasted, quick
A: beast (slay +2), AC +1, large, see invisible, deformed body, poison
resistance, slowness 2, spit poison 1, naga tail 1
a: Spit Poison, Begin Untransformation


You were on level 3 of the Dungeon.
You were a hulking beast.
You visited 1 branch of the dungeon, and saw 3 of its levels.

You collected 72 gold pieces.

Inventory:

Missiles
 h - 9 poisoned darts
 k - 3 javelins
Armour
 a - a +0 animal skin (worn)
 q - a +0 cloak
Talismans
 c - a beast talisman
 d - a flux talisman
Scrolls
 e - 3 scrolls of enchant weapon {unknown}
 f - a scroll of fog {unknown}
 g - a scroll of immolation {unknown}
 l - a scroll of brand weapon {unknown}
 m - a scroll of teleportation {unknown}
 n - a scroll of silence {unknown}
Potions
 b - a potion of lignification


   Skills:
 + Level 2.0 Fighting
 + Level 2.1 Dodging
 * Level 4.1 Unarmed Combat
 * Level 4.1 Shapeshifting


You had 4 spell levels left.
You didn't know any spells.
Your spell library contained the following spells:

 Spells                   Type           Power      Damage    Failure   Level
 Magic Dart               Conj           0%         1d3       36%         1
 Call Imp                 Summ           0%         N/A       50%         2
 Mephitic Cloud           Conj/Pois/Air  0%         N/A       75%         3


Dungeon Overview and Level Annotations

Branches:
Dungeon (3/15)

Altars:

Shops:
D:2 *


Innate Abilities, Weirdness & Mutations

You are a hulking beast.
Your limbs bulge with bestial killing power. (Slay +2)
Your serpentine skin is tough. (AC +1)
You have supernaturally acute eyesight. (SInv)
Armour fits poorly on your strangely shaped body.
Your system is resistant to poisons. (rPois)
You cover ground very slowly.
You can spit poison.
You have a snake-like lower body.


Message History

The gnoll hits you with a +0 spear.
It was a potion of brilliance.
You feel clever all of a sudden. The gnoll barely misses you.
It was a potion of curing.
You feel better. The gnoll hits you with a +0 spear.
It was a potion of haste.
You feel yourself speed up. The gnoll barely misses you.
You hit the gnoll.
The gnoll is heavily wounded.
You closely miss the gnoll. Your punch misses the gnoll.
The gnoll is heavily wounded.
The gnoll hits you with a +0 spear.
You completely miss the gnoll.
The gnoll is heavily wounded.
The gnoll hits you with a +0 spear.
You punch the gnoll!
You kill the gnoll!
The gnoll hits you with a +0 flail!
* * * LOW HITPOINT WARNING * * *
The gnoll closely misses you. The gnoll misses you.
Things that are here:
a +0 spear; a gnoll corpse You closely miss the gnoll.
The gnoll closely misses you. x2
You hit the gnoll.
The gnoll is heavily wounded.
The gnoll completely misses you.
You hit the gnoll but do no damage.
The gnoll is heavily wounded.
The gnoll closely misses you.
The gnoll hits you from afar with a +1 vampiric spear.
* * * LOW HITPOINT WARNING * * *
The gnoll barely misses you.
You hit the gnoll.
The gnoll is severely wounded.
You closely miss the gnoll.
The gnoll is severely wounded.
The gnoll hits you from afar with a +1 vampiric spear.
* * * LOW HITPOINT WARNING * * *
The gnoll hits you with a +0 flail!
You die...

###
################.#
.................#
.###############.#
.#.............#.#
.#.###########.#)#
.#.#...........#h#
.#.#...#########g#
.#.#.......#


ggg .#.#.#.###.# #.g.. .#.#.#.# #.# #..... .#.#.#.###.# #...... )#...#..<#.#
........ .#########.# ......... ...........# You could see 5 gnolls.

Vanquished Creatures
  2 gnolls (D:3)
  5 adders (D:2)
  3 worms (D:2)
  3 dart slugs (D:1)
  3 endoplasms
  A giant cockroach (D:1)
  3 goblins
  3 hobgoblins (D:1)
  11 jackals (D:1)
  5 quokkas
  6 ball pythons
  7 bats
  3 frilled lizards (D:1)
  8 kobolds
  6 rats
  A spectral kobold (D:1)
70 creatures vanquished.

Notes
Turn   | Place    | Note
-------+----------+-------------------------------------------
     0 | D:1      | Getoffmy the Naga Shapeshifter began the quest for the Orb.
     0 | D:1      | Reached XP level 1. HP: 18/18 MP: 1/1
    98 | D:1      | Reached XP level 2. HP: 21/25 MP: 2/2
   299 | D:1      | Reached XP level 3. HP: 26/31 MP: 3/3
   392 | D:1      | You fall into a shaft and drop 1 floor!
   659 | D:2      | Reached XP level 4. HP: 38/38 MP: 4/4
  1186 | D:2      | Found Yzisso Burgh's General Store.
  1661 | D:1      | Reached XP level 5. HP: 45/45 MP: 5/5
  1989 | D:1      | Found a faded altar of an unknown god.
  2204 | D:3      | Slain by a gnoll

Illustrated notes

Levels and vault maps discovered:
D:1:      dpeg_arrival_short_road, layout_rooms,
          dreamdust_ecumenical_altar_drowned_temple
D:2:      layout_loops_corners, serial_shops, nicolae_shop_behind_doors
D:3:      minmay_wonky_spiral, layout_basic, hangedman_abyss_or_decor_stabs,
          uniq_sigmund, uniq_jessica, uniq_natasha

Skill      XL: |  1  2  3  4  5 |
---------------+----------------+-----
Dodging        | 2 |  2.1
Unarmed Combat | 4 |  4.1
Fighting       | 2 |  2.0
Shapeshifting  | 4 |  4.1

Action                     |  1- 3 |  4- 6 || total
---------------------------+-------+-------++-------
  Melee: Unarmed           |   123 |   111 ||   234
         Punch             |     2 |     3 ||     5
    Use: Potion            |       |     4 ||     4
   Stab: Sleeping          |       |     1 ||     1
 Armour: Animal skin       |    76 |    80 ||   156
  Dodge: Dodged            |    66 |    65 ||   131

Table legend: (Time is in decaauts)
 A = Elapsed time spent in this place.
 B = Non-inter-level travel time spent in this place.
 C = Inter-level travel time spent in this place.
 D = Time resting spent in this place.
 E = Time spent auto-exploring this place.
 F = Levels seen in this place.
 G = Mean time per level.
                   A        B        C        D        E       F      G
               +--------+--------+--------+--------+--------+-----+--------+
         Total |   2741 |   2624 |    117 |    344 |   1645 |   3 |  913.7 |
       Dungeon |   2741 |   2624 |    117 |    344 |   1645 |   3 |  913.7 |
               +--------+--------+--------+--------+--------+-----+--------+

Top non-repeatable levels by time:
     D:2: 1545 daAuts
     D:1: 1032 daAuts
     D:3: 163 daAuts
